 Dungeon Crawl Stone Soup version 0.29-a0-334-gb41bcbb86e (webtiles) character file.

Game seed: 14734925541008292472

7 ImHallYall the Chucker (level 1, 0/16 HPs)
             Began as a Troll Wanderer on Apr 13, 2022.
             Slain by a hobgoblin (3 damage)
             ... on level 1 of the Dungeon.
             The game lasted 00:01:28 (138 turns).

ImHallYall the Chucker (Troll Wanderer)              Turns: 138, Time: 00:01:29

Health: 0/16       AC:  4    Str: 16    XL:     1   Next: 91%
Magic:  1/1        EV:  9    Int:  8    God:
Gold:   21         SH:  0    Dex: 12    Spells: 1/2 levels left

rFire   . . .      SeeInvis .   a - +0 spear
rCold   . . .      Faith    .   (no shield)
rNeg    . . .      Spirit   .   e - +0 robe
rPois   .          Reflect  .   (helmet restricted)
rElec   .          Harm     .   (no cloak)
rCorr   .          Rampage  .   (gloves unavailable)
Will    .....                   (boots unavailable)
Stlth   +.........              (no amulet)
HPRegen 0.85/turn               (no ring)
MPRegen 0.07/turn               (no ring)

@: no status effects
A: large, unfitting armour, claws 3, regeneration 1, shaggy fur 1, tough skin 1
a: no special abilities


You were on level 1 of the Dungeon.
You visited 1 branch of the dungeon, and saw 1 of its levels.

You collected 21 gold pieces.

Inventory:

Hand Weapons
 a - a +0 spear (weapon)
 c - a +0 dagger
Missiles
 b - 15 poisoned darts (quivered)
Armour
 e - a +0 robe (worn)
Scrolls
 g - a scroll of enchant weapon {unknown}
Potions
 d - 2 potions of curing
 f - a potion of brilliance {unknown}


   Skills:
 + Level 1.0 Polearms
 + Level 3.0 Throwing
 + Level 1.2 Dodging
 + Level 1.0 Spellcasting
 + Level 1.5 Poison Magic
 + Level 1.1 Evocations


You had one spell level left.
You knew the following spells:

 Your Spells              Type           Power      Damage    Failure   Level
a - Sting                 Tmut/Pois      4%         1d3       28%         1

Your spell library contained the following spells:

 Spells                   Type           Power      Damage    Failure   Level
 Ignite Poison            Fire/Tmut/Pois 1%         N/A       67%         3
 Mephitic Cloud           Conj/Pois/Air  1%         N/A       67%         3


Dungeon Overview and Level Annotations

Branches:
Dungeon (1/15)

Altars:


Innate Abilities, Weirdness & Mutations

You are too large for most types of armour.
You have claws for hands.
Your natural rate of healing is unusually fast.
You are covered in fur. (AC +1)
You have tough skin. (AC +1)


Message History

You hit the goblin.
You kill the goblin!
The kobold misses you.
The hobgoblin hits you but does no damage.
The endoplasm barely misses you.
Your Throwing skill increases to level 3!
The ball python bites you. The endoplasm hits you.
The kobold attacks as you move away! The kobold hits you with a +0 whip.
The ball python closely misses you.
The endoplasm hits you but does no damage.
The ball python misses you.
You closely miss the hobgoblin. The kobold hits you but does no damage.
The hobgoblin hits you. The endoplasm hits you.
The ball python closely misses you.
You closely miss the hobgoblin. The kobold barely misses you.
The hobgoblin barely misses you. The endoplasm barely misses you.
The ball python barely misses you.
You closely miss the hobgoblin. You claw the hobgoblin.
The hobgoblin is moderately wounded.
The hobgoblin barely misses you. The kobold barely misses you.
The endoplasm hits you but does no damage.
The ball python bites you. The hobgoblin completely misses you.
The endoplasm misses you. The kobold hits you with a +0 whip.
* * * LOW HITPOINT WARNING * * *
Reach: a) +0 spear
Press: ? - help, Dir - move target, f - ball python
Aim: a ball python (about 45% to evade your +0 spear)
Okay, then.
You hit the ball python.
You kill the ball python!
The hobgoblin hits you.
* * * LOW HITPOINT WARNING * * *
The kobold hits you with a +0 whip.
* * * LOW HITPOINT WARNING * * *
The endoplasm jiggles.
The endoplasm closely misses you.
You hit the hobgoblin but do no damage. Your claw misses the hobgoblin.
The hobgoblin is moderately wounded.
The hobgoblin hits you.
You die...

.........##.#.
.........##.#.###
.........##.# ..# #
.........##.###.###.#...
........................
.#####...........##.#.
.# #.####.###)r##.#...
.. .... ......JgK......
.#####.##......†@##.#.##
.. #.#.........# # ..
#.#.....#.#.# ..
#.#.....#.#.# ... ..#.#
# .. .###.# .# .. #.#
######.## .. #.#
........####


You could see an endoplasm, a hobgoblin, a kobold and a rat.

Vanquished Creatures
  2 ball pythons (D:1)
  A giant cockroach (D:1)
  A goblin (D:1)
  A hobgoblin (D:1)
  A frilled lizard (D:1)
  A kobold (D:1)
7 creatures vanquished.

Notes
Turn   | Place    | Note
-------+----------+-------------------------------------------
     0 | D:1      | ImHallYall the Troll Wanderer began the quest for the Orb.
     0 | D:1      | ImHallYall set off with the following items: a +0 spear, 13
                  | poisoned darts, a +0 dagger, a potion of curing, a +0 robe;
                  | and the following spell memorised: Sting; and the following
                  | spells available to memorise: Ignite Poison, Mephitic Cloud
     0 | D:1      | Reached XP level 1. HP: 16/16 MP: 1/1
   132 | D:1      | Reached skill level 3 in Throwing
   138 | D:1      | Slain by a hobgoblin

Illustrated notes

Levels and vault maps discovered:
D:1:      dpeg_arrival_stonehenge_12_columns, layout_basic,
          shapermc_ecumenical_altar_mp_highgroup, serial_park_tiny_2

Skill      XL: |  1 |
---------------+----+-----
Throwing       | 3 |  3.0
Polearms       | |  1.0
Dodging        | |  1.2
Spellcasting   | |  1.0
Poison Magic   | |  1.5
Evocations     | |  1.1

Action                   || total
-------------------------++-------
Melee: Spear             ||    27
       Punch             ||     1
Armor: Robe              ||    14
Dodge: Dodged            ||    38

Table legend: (Time is in decaauts)
 A = Elapsed time spent in this place.
 B = Non-inter-level travel time spent in this place.
 C = Inter-level travel time spent in this place.
 D = Time resting spent in this place.
 E = Time spent auto-exploring this place.
 F = Levels seen in this place.
 G = Mean time per level.
                   A        B        C        D        E       F      G
               +--------+--------+--------+--------+--------+-----+--------+
         Total |    139 |    139 |      0 |      0 |     16 |   1 |  139.0 |
       Dungeon |    139 |    139 |      0 |      0 |     16 |   1 |  139.0 |
               +--------+--------+--------+--------+--------+-----+--------+

Top non-repeatable levels by time:
     D:1: 139 daAuts
